 Dungeon Crawl Stone Soup version 0.18-a0-1070-gd466a24 (webtiles) character file.

26 TriBird the Covered (level 3, 33/34 HPs)
             Began as a Gargoyle Fighter on Jan 12, 2016.
             Quit the game on level 1 of the Dungeon.
             The game lasted 00:11:48 (579 turns).

TriBird the Covered (Gargoyle Fighter)               Turns: 579, Time: 00:11:48

Health: 33/34      AC: 21    Str: 20    XL:     3   Next: 8%
Magic:  3/3        EV:  2    Int:  8    God:
Gold:   73         SH:  9    Dex:  9    Spells: 0 memorised, 2 levels left

rFire  . . .     SeeInvis .     a - +0 flail
rCold  . . .     Gourm    .     (armour currently unavailable)
rNeg   + + +     Faith    .     c - +0 shield
rPois  ∞         Spirit   .     (helmet currently unavailable)
rElec  .         Dismiss  .     (cloak currently unavailable)
rCorr  .         Reflect  .     (gloves currently unavailable)
SustAt .         Harm     .     (boots currently unavailable)
MR     .....     NoTele   +     (no amulet)
Stlth  +.........               (no ring)
                                (no ring)

@: tree-form, not resistant to hostile enchantments, very unstealthy
A: (big wings), (icy blue scales 0), (thin metallic scales 0), blurry vision 1,
negative energy resistance 1, (electricity resistance), (unbreathing),
petrification resistance, rot immunity, subdued magic 1, AC +3
a: no special abilities


You were on level 1 of the Dungeon.
You were not hungry.
You were a tree.
You visited 1 branch of the dungeon, and saw 1 of its levels.

You collected 73 gold pieces.

Inventory:

Hand Weapons
 a - a +0 flail (weapon)
 o - a +0 hand axe
 p - a +0 short sword
Missiles
 g - 44 stones (quivered)
 h - 23 bolts
 i - 4 javelins
 j - 16 arrows
 m - 6 steel bolts
Armour
 b - a +0 scale mail (melded)
 c - a +0 shield (worn)
 e - a +0 ring mail
 l - a +0 scale mail
Scrolls
 n - 2 scrolls of remove curse
Potions
 d - a potion of might
Comestibles
 f - a bread ration


   Skills:
 + Level 3.5 Fighting
 + Level 2.1 Maces & Flails
 + Level 3.8 Armour
 + Level 0.4 Dodging
 + Level 3.6 Shields


You had 2 spell levels left.
You didn't know any spells.

Dungeon Overview and Level Annotations

Branches:
Dungeon (1/15)

Altars:


Innate Abilities, Weirdness & Mutations

You are resistant to torment.
((Your stone body is resilient (AC +3).))
You are immune to poison.
You resist negative energy.
((You are resistant to electric shocks.))
((You can survive without breathing.))
You are immune to petrification.
You are immune to rotting.
((Your large and strong wings let you fly indefinitely.))
((You are partially covered in icy blue scales (AC +1).))
((You are partially covered in thin metallic scales (AC +2).))
Scrolls take you a little longer to read.
Your spells are a little easier to cast, but a little less powerful.


Message History

You cannot move.
You cannot move.
You cannot move.
You cannot move.
You cannot move.
You cannot move.
You cannot move.
You cannot move.
You cannot move.
You cannot move.
You cannot move.
You cannot move.
You cannot move.
You cannot move.
You cannot move.
You cannot move.
You cannot move.
You cannot move.
You cannot move.
Are you sure you want to abandon this character and quit the game? (Confirm with "yes".)

# .. #.#. . . .##.#. ##
...'..#.#########.....#.
...#.... ..#.. .'.....'#
..>... #.#.####.....#>
....##.#.#.##.....##
.#.###.#.......##.....#.
.......♣...!....'.....'#
##.#.......)##.##.....##
#....................
#.####.#.#.########## #.
.....#... .. ### #
##.#########. #.. #..
..... ### #..
#####..#### ..
..........##


There were no monsters in sight!

Vanquished Creatures
  2 giant cockroaches (D:1)
  5 goblins (D:1)
  4 hobgoblins (D:1)
  3 jackals (D:1)
  3 kobolds (D:1)
  2 bats (D:1)
  4 rats (D:1)
23 creatures vanquished.

Notes
Turn   | Place    | Note
--------------------------------------------------------------
     0 | D:1      | TriBird the Gargoyle Fighter began the quest for the Orb.
     0 | D:1      | Reached XP level 1. HP: 14/14 MP: 1/1
   141 | D:1      | Reached XP level 2. HP: 16/19 MP: 2/2
   181 | D:1      | Gained mutation: Your large and strong wings let you fly indefinitely. [potion of mutation]
   181 | D:1      | Gained mutation: You are partially covered in thin metallic scales (AC +2). [potion of mutation]
   182 | D:1      | Gained mutation: Your spells are a little easier to cast, but a little less powerful. [potion of mutation]
   182 | D:1      | Gained mutation: Scrolls take you a little longer to read. [potion of mutation]
   182 | D:1      | Gained mutation: You are partially covered in icy blue scales (AC +1). [potion of mutation]
   460 | D:1      | Reached XP level 3. HP: 23/23 MP: 3/3
   579 | D:1      | Quit the game

Vault maps used:
D:1:      dpeg_arrival_lava_temple_mockup, kennysheep_minor_cross, st_stairs_9

Action                   || total
-------------------------++-------
Melee: Flail             ||    83
  Use: Potion            ||     3
       Scroll            ||     1
